 Dungeon Crawl Stone Soup version 0.22-a0-880-gb7b0c8b (webtiles) character file.

722 LairdRich the Skirmisher (level 7, 63/63 HPs)
             Began as a Minotaur Berserker on July 30, 2018.
             Was a High Priest of Trog.
             Got out of the dungeon alive.
             The game lasted 00:17:57 (6320 turns).

LairdRich the Skirmisher (Minotaur Berserker)       Turns: 6320, Time: 00:17:57

Health: 63/63      AC: 11    Str: 21    XL:     7   Next: 43%
Magic:  6/6        EV: 10    Int:  4    God:    Trog [*****.]
Gold:   218        SH:  3    Dex: 12    Spells: 6/6 levels left

rFire    x . .     SeeInvis .   h - +2 short sword (speed)
rCold    + . .     Gourm    .   (no shield)
rNeg     . . .     Faith    .   i - +1 chain mail
rPois    .         Spirit   .   (helmet restricted)
rElec    .         Reflect  +   (no cloak)
rCorr    .         Harm     .   (no gloves)
MR       .....                  (no boots)
Stlth    ..........             p - +3 amulet of reflection
HPRegen  0.20/turn              d - ring of ice
MPRegen  0.10/turn              (no ring)

@: no status effects
A: retaliatory headbutt, horns 2
a: Berserk, Trog's Hand, Brothers in Arms, Renounce Religion


You escaped.
You worshipped Trog.
Trog was extremely pleased with you.
You were not hungry.

You visited 1 branch of the dungeon, and saw 4 of its levels.
You also visited: Sewer.

You collected 218 gold pieces.

Inventory:

Hand Weapons
 a - a +0 hand axe
 h - a +2 short sword of speed (weapon)
 x - a +0 hand axe
Armour
 i - a +1 chain mail (worn)
Jewellery
 d - a ring of ice (left hand)
 l - an uncursed amulet of the gourmand
 p - a +3 amulet of reflection (around neck)
 y - an uncursed ring of protection from fire {unknown}
Wands
 c - a wand of polymorph (13)
 j - a wand of scattershot (4)
Scrolls
 m - 2 scrolls of remove curse
 o - a scroll of magic mapping
 s - 2 scrolls of fog
 t - a scroll of fear
 w - a scroll of teleportation
Potions
 b - 4 potions of magic {unknown}
 f - 2 potions of brilliance {unknown}
 g - 2 potions of agility
 k - 8 potions of curing {unknown}
 n - a potion of degeneration {unknown}
 q - a potion of flight
 r - a potion of lignification {unknown}
 u - a potion of haste {unknown}
 v - a potion of might {unknown}
 z - a potion of heal wounds {unknown}
Comestibles
 e - 5 rations


   Skills:
 + Level 6.1 Fighting
 + Level 6.0 Axes
 + Level 5.5 Armour
 + Level 4.9 Dodging


You had 6 spell levels left.
You didn't know any spells.
Your spell library was empty.

Dungeon Overview and Level Annotations

Branches:
Dungeon (4/15)
 Temple: D:4-7

Altars:


Innate Abilities, Weirdness & Mutations

You reflexively headbutt those who attack you in melee.
You have a pair of horns on your head.


Message History

There is a stone staircase leading up here.
You fly upwards.
There is a stone staircase leading down here.
There is a stone staircase leading up here.
You fly upwards.
There is a stone staircase leading down here.
There is an open door here.
You are starting to lose your buoyancy.
There is an open door here.
You float gracefully downwards.
There is a stone staircase leading up here.
You climb upwards.
There is a stone staircase leading down here.
There is a staircase leading out of the dungeon here.
There is a staircase leading out of the dungeon here.
You can't go down here!
Are you sure you want to leave the Dungeon?
This will make you lose the game!
Uppercase [Y]es or [N]o only, please.
Are you sure you want to leave the Dungeon?
This will make you lose the game!
You have escaped!

.....###.#####.####...#...#.#.#.#
.....................>......#.#.#
##.#.###.........##...........#..
............................#.#.#
##.##...............§§§.....#.#..
#.##....§≈§≈......≈≈≈§≈........#
#.##...≈§...≈≈≈≈.......≈.....###
##.##....§§......≈....≈§.........
.........§§≈..≈.@....≈§..##......
##..........≈.≈.≈≈≈≈≈.....#...###
#......##....≈.§...§.....#...###
##......##....≈.§.§§......+......
#.......####..≈..§≈§.#....#..#.##
#.......####...≈.§...#....#......
#..######.......≈§.#.#....+......
#..# #...#.....##.#....#...#..
#..######...##...###.#....#...#..


There were no monsters in sight!

Vanquished Creatures
  Blork the orc (D:4)
  2 bullfrogs (Sewer)
  A scorpion (D:4)
  Natasha (thrice) (D:2)
  2 worker ants (D:4)
  A hound skeleton (D:2)
  Robin (D:3)
  11 adders
  5 river rats (Sewer)
  4 oozes
  2 adder zombies (D:2)
  An adder skeleton (D:2)
  9 worms
  A dart slug (D:2)
  2 leopard geckos
  An orc (D:4)
  A bat skeleton (D:2)
  6 giant cockroaches
  14 goblins
  9 hobgoblins
  8 jackals (D:1)
  A quokka (D:2)
  12 ball pythons
  A ball python skeleton (D:2)
  10 bats
  10 frilled lizards
  A giant cockroach zombie (D:2)
  8 kobolds
  A leopard gecko skeleton (D:2)
  2 leopard gecko zombies (D:2)
  A quokka skeleton (D:2)
  36 rats
168 creatures vanquished.

Notes
Turn   | Place    | Note
-------+----------+-------------------------------------------
     0 | D:1      | LairdRich the Minotaur Berserker began the quest for the Orb.
     0 | D:1      | Reached XP level 1. HP: 19/19 MP: 0/0
   105 | D:1      | Reached XP level 2. HP: 19/27 MP: 1/1
   536 | D:1      | Reached ** piety under Trog
   703 | D:1      | Reached XP level 3. HP: 32/33 MP: 2/2
  1202 | D:2      | Reached XP level 4. HP: 41/41 MP: 3/3
  1228 | D:2      | Noticed Natasha
  1239 | D:2      | Killed Natasha
  1485 | D:2      | Reached *** piety under Trog
  1485 | D:2      | Reached XP level 5. HP: 47/47 MP: 4/4
  1807 | D:2      | Noticed Natasha
  1810 | D:2      | Killed Natasha
  2012 | D:2      | Noticed Natasha
  2024 | D:2      | Killed Natasha
  2024 | D:2      | Reached skill level 5 in Fighting
  3459 | D:3      | Reached skill level 5 in Axes
  3744 | D:3      | Noticed Robin
  3755 | D:3      | Killed Robin
  3819 | D:3      | Reached XP level 6. HP: 56/56 MP: 5/5
  3878 | D:3      | Reached **** piety under Trog
  4282 | D:4      | Found a glowing drain.
  4312 | Sewer    | Entered a sewer
  5014 | Sewer    | Reached skill level 5 in Armour
  5016 | Sewer    | Reached ***** piety under Trog
  5018 | Sewer    | HP: 2/57 [bullfrog (1)]
  5019 | Sewer    | Reached XP level 7. HP: 2/62 MP: 6/6
  5025 | Sewer    | HP: 2/62 [poisoned by an adder]
  5539 | D:4      | Noticed Blork the orc
  5550 | D:4      | Killed Blork the orc
  6320 | D:$      | Got out of the dungeon alive.

Vault maps used:
D:1:      ebering_trefoil_3fold, minmay_misc_feat_tower, st_stairs_13,
          due_unseen_surprise
D:2:      serial_undead, serial_undead_e, serial_undead_d, serial_undead_a,
          serial_undead_b, hangedman_decor_clover_reticule, minmay_tetromino_t4,
          uniq_natasha
D:3:      fountainhead, uniq_robin
D:4:      first_ration, cheibrodos_sewer_entry_drain, uniq_blork_the_orc
Sewer:    sewer_minmay_w

Skill      XL: |  1  2  3  4  5  6  7 |
---------------+----------------------+-----
Axes           | 4 5 6 |  6.0
Fighting       | 4 5 6 |  6.1
Armour         | 3 4 5 |  5.5
Dodging        | 3 4 |  4.9

Action                   |  1- 3 |  4- 6 |  7- 9 || total
-------------------------+-------+-------+-------++-------
Melee: Hand axe          |    16 |       |       ||    16
       Headbutt          |    14 |    56 |    10 ||    80
       Short sword       |    65 |   299 |    42 ||   406
       War axe           |       |    28 |       ||    28
  Use: Scroll            |       |     7 |     4 ||    11
       Potion            |       |       |     1 ||     1
  Eat: Chunk             |     1 |     5 |     1 ||     7
       Ration            |       |     2 |     1 ||     3
Armor: Animal skin       |    10 |       |       ||    10
       Chain mail        |    26 |   153 |     6 ||   185
Dodge: Dodged            |    42 |   137 |     7 ||   186
Block: Other             |       |    30 |     1 ||    31

Table legend:
 A = Spawn XP
 B = Non-spawn XP
 C = Spawn XP percentage of total XP
 D = Spawn monster count
 E = Non-spawn monster count
 F = Spawn count percentage of total count
 G = Total turns spent on level
                    A         B        C        D         E        F      G
               +---------+---------+-------+---------+---------+-------+---------
         Total |       0 |    1032 |   0.0 |       0 |     168 |   0.0 |  6320
               +---------+---------+-------+---------+---------+-------+---------
           D:1 |       0 |      52 |   0.0 |       0 |      34 |   0.0 |  1071
           D:2 |       0 |     257 |   0.0 |       0 |      45 |   0.0 |  2333
           D:3 |       0 |      84 |   0.0 |       0 |      27 |   0.0 |   774
           D:4 |       0 |     278 |   0.0 |       0 |      14 |   0.0 |  1088
         Sewer |       0 |     361 |   0.0 |       0 |      48 |   0.0 |  1054
               +---------+---------+-------+---------+---------+-------+---------
